 Dungeon Sprint DCSS version 0.18-a0-993-g4a3b7c7 (webtiles) character file.

452 M4edhros the Covert (level 7, -6/41 (43) HPs)
             Began as an Octopode Artificer on Jan 4, 2016.
             Mangled by a tentacle (17 damage)
             ... attached to a kraken
             ... in the Dungeon (Sprint II: "The Violet Keep of Menkaure").
             The game lasted 00:01:26 (147 turns).

M4edhros the Covert (Octopode Artificer)             Turns: 147, Time: 00:01:27

HP:   -6/41 (43)    AC:  1    Str: 11    XL:     7   Next: 5%
MP:   12/12         EV: 16    Int: 16    God:    Xom [..*...]
Gold: 729           SH:  0    Dex: 12    Spells: 0 memorised, 6 levels left

rFire  . . .     SeeInvis .     a - +0 short sword
rCold  . . .     Gourm    .     (no shield)
rNeg   . . .     Faith    .     (helmet restricted)
rPois  .         Spirit   .     (no amulet)
rElec  .         Dismiss  .     (no ring)
rCorr  .         Reflect  .     (no ring)
SustAt .         Harm     .     (no ring)
MR     .....     NoTele   +     (no ring)
Stlth  +++++++...               (no ring)
                                (no ring)
                                (no ring)
                                (no ring)

@: not resistant to hostile enchantments, extremely stealthy
A: almost no armour, amphibious, 8 rings, constrict 8, camouflage 1, gelatinous
body 1
a: Renounce Religion


You were in the Dungeon.
You worshipped Xom.
You were a toy of Xom.
You were not hungry.

You visited 1 branch You collected 729 gold pieces.

Inventory:

Hand Weapons
 a - a +0 short sword (weapon)
Wands
 b - a wand of flame (14/48)
 c - a wand of enslavement (14/24)
 d - a wand of random effects (15/48)
Scrolls
 k - a scroll of blinking
Potions
 e - a potion of curing
 g - a potion of heal wounds
 h - a potion of haste
 i - 2 potions of magic
Comestibles
 f - a bread ration


   Skills:
 - Level 1.0 Fighting
 - Level 1.0 Short Blades
 * Level 9.4 Dodging
 * Level 12.6 Stealth
 + Level 7.9 Evocations


You had 6 spell levels left.
You didn't know any spells.

Dungeon Overview and Level Annotations

Branches:
Dungeon (1/1)

Altars:
Cheibriados
Dithmenos
Elyvilon
Fedhas
Gozag
Kikubaaqudgha
Makhleb
Nemelex Xobeh
Okawaru
Pakellas
Qazlal
Ru
Sif Muna
Trog
Vehumet
Xom
Yredelemnul
Zin
The Shining One
Beogh
Jiyva
Lugonu


Innate Abilities, Weirdness & Mutations

You cannot wear most types of armour.
You are amphibious.
You can wear up to eight rings at the same time.
You can use your tentacles to constrict eight enemies at once.
Your skin changes colour to match your surroundings (Stealth).
Your rubbery body absorbs attacks (AC +1).


Message History

A kraken comes into view.
You open the door.
Tentacles burst out of the water!
Found five items.
A tentacle comes into view.
There is an open door here.
Found eight items.
You see here a glowing dagger.
The tentacle slaps you!
You see here a yellow potion.
The tentacle slaps you!
* * * LOW HITPOINT WARNING * * *
The tentacle completely misses you.
You see here 23 arrows.
You see here 8 gold pieces.
The tentacle closely misses you.
Found the Orb of Zot.
You see here a meat ration.
The tentacle slaps you!
You die...

▓▓ 0.. ▓▓▓▓▓▓▓▓▓
≈§≈≈≈≈§≈▓▓ ▓▓▓▓▓▓▓▓▓▓
?)!=!)(!▓▓ ▓=$[($[$(▓▓
+.### :▓$??))??@▓▓
...# #▓$)[[[(w%▓▓ #..#
#▓((%?$/?$▓▓ +..#
#▓!(?$<$?(▓▓ #..#
#▓$$?!!\$!▓▓
##..####▓[$!)()│)▓▓
###...##▓▓▓▓▓▓▓│▓▓▓▓+▓
..≈≈≈≈≈≈≈≈≈≈≈≈≈.\wXw≈▓
..≈#'########+###*w≈≈▓


You could see a kraken and 2 tentacles.

Vanquished Creatures
  4 necrophages (D)
  4 worker ants (D)
  3 worms (D)
11 creatures vanquished.

Vanquished Creatures (others)
  Menkaure (D)
  A crocodile (D)
  107 tentacle segments (D)
109 creatures vanquished.

Grand Total: 120 creatures vanquished

Notes
Turn   | Place    | Note
--------------------------------------------------------------
     0 | D        | M4edhros the Octopode Artificer began the quest for the Orb.
     0 | D        | Reached XP level 1. HP: 13/13 MP: 3/3
     1 | D        | Noticed a necrophage
     1 | D        | Noticed a necrophage
     1 | D        | Noticed a necrophage
     1 | D        | Noticed a necrophage
     6 | D        | Killed a necrophage
     6 | D        | Reached skill level 5 in Dodging
     6 | D        | Reached skill level 7 in Stealth
     6 | D        | Reached skill level 5 in Evocations
     6 | D        | Reached XP level 2. HP: 18/18 MP: 3/5
     6 | D        | Reached XP level 3. HP: 23/23 MP: 3/6
     6 | D        | Reached XP level 4. HP: 28/28 MP: 3/7
    11 | D        | Killed a necrophage
    11 | D        | Reached skill level 9 in Stealth
    11 | D        | Reached XP level 5. HP: 33/33 MP: 3/9
    11 | D        | Killed Menkaure
    15 | D        | Killed a necrophage
    15 | D        | Reached skill level 10 in Stealth
    15 | D        | Reached XP level 6. HP: 38/38 MP: 3/11
    19 | D        | Killed a necrophage
    19 | D        | Reached skill level 11 in Stealth
    88 | D        | Reached skill level 12 in Stealth
   103 | D        | Reached XP level 7. HP: 38/41 MP: 12/12
   116 | D        | Found an opulent altar of Gozag.
   116 | D        | Found a sacrificial altar of Ru.
   117 | D        | Found a shimmering altar of Xom.
   117 | D        | Found a stormy altar of Qazlal.
   118 | D        | Found an iron altar of Okawaru.
   118 | D        | Found a sparkling altar of Nemelex Xobeh.
   118 | D        | Found a blossoming altar of Fedhas.
   119 | D        | Found a deep blue altar of Sif Muna.
   119 | D        | Found a glowing silver altar of Zin.
   119 | D        | Found a bloodstained altar of Trog.
   120 | D        | Found an ancient bone altar of Kikubaaqudgha.
   120 | D        | Found a roughly hewn altar of Beogh.
   120 | D        | Found a shadowy altar of Dithmenos.
   121 | D        | Found a corrupted altar of Lugonu.
   121 | D        | Found a radiant altar of Vehumet.
   121 | D        | Found a basalt altar of Yredelemnul.
   122 | D        | Found a viscous altar of Jiyva.
   122 | D        | Found a snail-covered altar of Cheibriados.
   124 | D        | Found a white marble altar of Elyvilon.
   124 | D        | Found an oddly glowing altar of Pakellas.
   124 | D        | Found a burning altar of Makhleb.
   124 | D        | Found a glowing golden altar of the Shining One.
   127 | D        | Became a worshipper of Xom of Chaos
   137 | D        | Noticed a kraken
   147 | D        | Mangled by a tentacle

Vault maps used:
D:        the_violet_keep_of_menkaure

Action                   |  1- 3 |  4- 6 |  7- 9 || total
-------------------------+-------+-------+-------++-------
Melee: Short sword       |     1 |    17 |       ||    18
Evoke: Wand              |     1 |     1 |       ||     2
  Use: Potion            |     1 |       |       ||     1
 Stab: Sleeping          |       |     7 |       ||     7
